 Dungeon Crawl Stone Soup version 0.20-a0-738-gb057e68 (webtiles) character file.

46 Ferkelamun the Shield-Bearer (level 3, -2/29 HPs)
             Began as a Formicid Fighter on Feb 23, 2017.
             Slain by an orc (4 damage)
             ... on level 3 of the Dungeon.
             The game lasted 00:03:33 (1372 turns).

Ferkelamun the Shield-Bearer (Formicid Fighter)     Turns: 1372, Time: 00:03:34

Health: -2/29      AC:  6    Str: 20    XL:     3   Next: 92%
Magic:  3/3        EV: 12    Int:  7    God:
Gold:   93         SH: 10    Dex: 16    Spells: 2/2 levels left

rFire    . . .     SeeInvis +   a - +0 long sword
rCold    . . .     Gourm    .   b - +0 scale mail
rNeg     . . .     Faith    .   c - +0 shield
rPois    .         Spirit   .   (helmet unavailable)
rElec    .         Reflect  .   (no cloak)
rCorr    .         Harm     .   (no gloves)
MR       .....                  (no boots)
Stlth    +.........             h - amulet of magic regeneration
Regen    0.1/turn               (no ring)
MPRegen  0.2/turn               (no ring)

@: agile
A: permanent stasis, dig shafts and tunnels, four strong arms, antennae 3
a: Dig, Shaft Self


You were on level 3 of the Dungeon.
You were hungry.

You visited 1 branch of the dungeon, and saw 3 of its levels.

You collected 93 gold pieces.

Inventory:

Hand Weapons
 a - a +0 long sword (weapon)
Missiles
 j - a throwing net (quivered)
Armour
 b - a +0 scale mail (worn)
 c - a +0 shield (worn)
Jewellery
 h - an amulet of magic regeneration (around neck)
Scrolls
 e - a scroll of amnesia {unknown}
 g - a scroll of immolation {unknown}
 i - 4 scrolls of remove curse
 k - a scroll of enchant weapon {unknown}
 l - a scroll of teleportation {unknown}
 m - a scroll of recharging {unknown}
 r - a scroll of enchant armour {unknown}
Potions
 d - a potion of might
 n - a potion of lignification
 s - a potion of curing {unknown}
Comestibles
 f - 4 bread rations
 p - 4 royal jellies
 t - a chunk of flesh


   Skills:
 - Level 3.2 Fighting
 * Level 3.7 Long Blades
 - Level 3.4 Armour
 - Level 3.7 Shields


You had 2 spell levels left.
You didn't know any spells.

Dungeon Overview and Level Annotations

Branches:
Dungeon (3/15)

Altars:
Cheibriados


Innate Abilities, Weirdness & Mutations

You cannot be hasted, slowed, berserked, paralysed or teleported.
You can dig through walls and to a lower floor.
Your four strong arms can wield two-handed weapons with a shield.
You have a pair of large antennae on your head. (SInv)


Message History

* * * LOW HITPOINT WARNING * * *
You block the orc's attack.
Things that are here:
a ring mail; 4 chunks of flesh You feel agile all of a sudden.
The orc barely misses you.
You riposte.
You closely miss the orc. You hit the orc.
The orc is lightly wounded.
The orc closely misses you.
You hit the orc.
The orc is moderately wounded.
The orc completely misses you.
You riposte.
You hit the orc.
You kill the orc!
You closely miss the orc. The orc hits you but does no damage.
The orc hits you.
* * * LOW HITPOINT WARNING * * *
You hit the orc.
The orc is almost dead.
The orc hits you.
You die...

.#..##.###### ............#
....##.####.#
.#..##.####.##### .#
................. ..###
................. ....
#....#......#### ####.#
#....#......#######....#
#...............@o.....#
##..#.#.#.#.##.####..?.#
#..#.#.#.#.##.####....# #
....#.#............####.#
.............>......[)...#
#.#.###.............).......
#............#########
#............#
..............#


You could see an orc.

Vanquished Creatures
  An adder (D:2)
  An ooze (D:1)
  2 leopard geckos (D:2)
  4 orcs (D:3)
  3 giant cockroaches
  2 hobgoblins (D:2)
  A quokka (D:2)
  A ball python (D:1)
  6 goblins
  4 kobolds
  A rat (D:1)
26 creatures vanquished.

Notes
Turn   | Place    | Note
-------+----------+-------------------------------------------
     0 | D:1      | Ferkelamun the Formicid Fighter began the quest for the Orb.
     0 | D:1      | Reached XP level 1. HP: 18/18 MP: 1/1
     6 | D:1      | Noticed a black bear
     6 | D:1      | Noticed an iguana
     6 | D:1      | Noticed a killer bee
     6 | D:1      | Noticed a hog
   176 | D:1      | Reached XP level 2. HP: 24/24 MP: 2/2
   732 | D:2      | Reached XP level 3. HP: 24/29 MP: 3/3
  1028 | D:2      | Found a snail-covered altar of Cheibriados.
  1372 | D:3      | Slain by an orc

Vault maps used:
D:1:      onia_arrival_zoo_common
D:2:      cheibriados_altar_1, corexii_item_surrounded_by_moat
D:3:      kb_forest_paths, dancing_weapons_uskayaw, overflow_temple_1_default

Skill      XL: |  1  2 |
---------------+-------+-----
Long Blades    | 3 |  3.7
Fighting       | |  3.2
Armour         | |  3.4
Shields        | |  3.7

Action                   || total
-------------------------++-------
Melee: Long sword        ||   104
  Use: Scroll            ||     3
       Potion            ||     1
  Eat: Chunk             ||     1
Armor: Scale mail        ||    33
Dodge: Dodged            ||    29
Block: Shield            ||    51
       Rpst.: Long sword ||     7
